 Dungeon Crawl Stone Soup version 0.28-a0-87-g9a7839dea9 (webtiles) character file.

Game seed: 6855488202836203917

1272 Zeld the Cleaver (level 8, -11/103 (106) HPs)
             Began as a Minotaur Berserker on Aug 6, 2021.
             Was a Priest of Trog.
             Mangled by an orc wizard (12 damage)
             ... on level 6 of the Dungeon.
             The game lasted 00:04:17 (5872 turns).

Zeld the Cleaver (Minotaur Berserker)               Turns: 5872, Time: 00:04:18

HP:   -11/103 (106) AC:  3    Str: 23    XL:     8   Next: 28%
MP:   7/7           EV: 13    Int:  4    God:    Trog [***...]
Gold: 60            SH:  0    Dex: 11    Spells: 7/7 levels left

rFire   . . .      SeeInvis .   a - +0 hand axe
rCold   . . .      Faith    .   (no shield)
rNeg    . . .      Spirit   .   b - +0 animal skin
rPois   .          Reflect  .   (helmet restricted)
rElec   .          Harm     .   (no cloak)
rCorr   .          Rampage  .   (no gloves)
Will    .....                   n - +0 pair of boots
Stlth   ..........              (no amulet)
HPRegen 0.27/turn               (no ring)
MPRegen 0.10/turn               (no ring)

@: berserking (expiring), lightly drained, very quick
A: horns 2, retaliatory headbutt
a: Renounce Religion, Berserk, Trog's Hand


You were on level 6 of the Dungeon.
You worshipped Trog.
Trog was most pleased with you.
You visited 2 branches of the dungeon, and saw 7 of its levels.

You collected 221 gold pieces.
You spent 161 gold pieces at shops.

Inventory:

Hand Weapons
 a - a +0 hand axe (weapon)
Armour
 b - a +0 animal skin (worn)
 n - a +0 pair of boots (worn)
Wands
 e - a wand of acid (6)
 f - a wand of digging (11)
 p - a wand of flame (20)
Scrolls
 c - 4 scrolls of teleportation
 g - 3 scrolls of magic mapping
 j - a scroll of enchant armour {unknown}
 m - a scroll of fear {unknown}
Potions
 d - a potion of brilliance {unknown}
 h - a potion of heal wounds {unknown}
 i - a potion of curing {unknown}
 k - a potion of flight {unknown}
 l - a potion of ambrosia {unknown}
 o - a potion of mutation {unknown}


   Skills:
 + Level 6.4 Fighting
 * Level 8.5 Axes
 + Level 5.8 Armour
 + Level 5.2 Dodging


You had 7 spell levels left.
You didn't know any spells.
Your spell library was empty.

Dungeon Overview and Level Annotations

Branches:
Dungeon (6/15)             Temple (1/1) D:4

Altars:
Ashenzari
Cheibriados
Dithmenos
Elyvilon
Fedhas
Gozag
Hepliaklqana
Kikubaaqudgha
Makhleb
Nemelex Xobeh
Okawaru
Qazlal
Ru
Sif Muna
Trog
Uskayaw
Vehumet
Wu Jian
Xom
Yredelemnul
Zin
The Shining One

Shops:
D:4 ?


Innate Abilities, Weirdness & Mutations

You have a pair of horns on your head.
You reflexively headbutt those who attack you in melee.


Message History

You are too injured to fight recklessly!
You are too injured to fight recklessly!
You are too injured to fight recklessly!
A red film seems to cover your vision as you go berserk!
You feel yourself moving faster!
You feel mighty!
The orc priest hits you from afar with a +0 trident.
You hear some strange, mumbled words.
A puff of flame appears from out of thin air!
The puff of flame hits something.
Something hits you.
You feel a strong urge to attack something.
Something hits you but does no damage.
Things that are here:
a +2 flail of draining; a +0 leather armour You slash something!
Trog accepts your kill.
Trog appreciates your killing of a magic user.
Reactivating autopickup.
You feel a bit more experienced.
You slash the orc priest! You hit something. Something barely misses you.
The orc priest hits you with a +0 trident.
You hit the orc priest.
The orc priest is severely wounded.
You slash something! You barely miss the orc priest.
The orc priest is severely wounded.
You barely miss something. Something hits you.
You are electrocuted!!
* * * LOW HITPOINT WARNING * * *
Deactivating autopickup; reactivate with Ctrl-A.
The orc priest hits you but does no damage.
You slash the orc priest!
You kill the orc priest!
Trog accepts your kill.
You hit something. Something hits you but does no damage.
You are electrocuted!
* * * LOW HITPOINT WARNING * * *
Unknown command.
You miss something.
Unknown command.
You miss something. Something hits you but does no damage.
You are electrocuted!
You die...

.. . .####
....#####
#..).....
#.....# #
#){...# #.
#@)...#
#.###.#####
#.....# #.#.###
#. #.####### #.
#.......#
#.#########.#
###.....#..##.#
#....##.#.....#
#####


There were no monsters in sight!

Vanquished Creatures
  A sky beast (D:6)
  2 black bears
  2 ice beasts
  3 ogres
  Blork the orc (D:5)
  A wyvern zombie (D:5)
  A scorpion (D:5)
  A howler monkey (D:4)
  A hound (D:4)
  A centaur skeleton (D:6)
  2 orc priests (D:6)
  A bullfrog skeleton (D:5)
  An iguana (D:6)
  An orc wizard (D:6)
  A hound skeleton (D:4)
  5 adders
  An ufetubus (D:5)
  3 worms
  A dart slug (D:4)
  4 orcs
  4 ball pythons
  5 bats
  9 endoplasms
  2 giant cockroaches
  7 hobgoblins
  3 jackals
  7 quokkas
  5 frilled lizards
  11 goblins
  7 kobolds
  4 rats
98 creatures vanquished.

Notes
Turn   | Place    | Note
-------+----------+-------------------------------------------
     0 | D:1      | Zeld the Minotaur Berserker began the quest for the Orb.
     0 | D:1      | Reached XP level 1. HP: 19/19 MP: 0/0
   304 | D:1      | Reached XP level 2. HP: 27/27 MP: 1/1
   317 | D:1      | Reached skill level 4 in Axes
   806 | D:1      | Reached ** piety under Trog
   821 | D:1      | Reached XP level 3. HP: 25/33 MP: 2/2
  1100 | D:2      | Found a faded altar of an unknown god.
  1177 | D:2      | Found a sacrificial altar of Ru.
  2074 | D:3      | Reached XP level 4. HP: 32/40 MP: 3/3
  2338 | D:3      | Found a shimmering blue altar of Sif Muna.
  2578 | D:4      | Reached skill level 5 in Axes
  2624 | D:4      | Found Zaonyorch's Magic Scroll Shoppe.
  2719 | D:4      | Bought a scroll of identify for 28 gold pieces
  2719 | D:4      | Bought a scroll of magic mapping for 49 gold pieces
  2719 | D:4      | Bought a scroll of teleportation for 42 gold pieces
  2755 | D:4      | Noticed a black bear
  2760 | D:4      | Killed a black bear
  2760 | D:4      | Reached *** piety under Trog
  2761 | D:4      | Reached XP level 5. HP: 47/47 MP: 4/4
  2841 | D:4      | Reached XP level 6. HP: 47/55 MP: 5/5
  2889 | D:4      | Found a staircase to the Ecumenical Temple.
  2899 | Temple   | Entered the Ecumenical Temple
  3165 | D:4      | Bought a scroll of teleportation for 42 gold pieces
  3318 | D:4      | Reached skill level 6 in Axes
  3418 | D:4      | Reached skill level 5 in Fighting
  3830 | D:5      | Entered Level 5 of the Dungeon
  4328 | D:5      | Noticed Blork the orc
  4337 | D:5      | Killed Blork the orc
  4503 | D:5      | Reached skill level 7 in Axes
  4503 | D:5      | Reached XP level 7. HP: 28/61 MP: 6/6
  4963 | D:5      | Reached skill level 5 in Armour
  5573 | D:6      | Reached skill level 8 in Axes
  5573 | D:6      | Reached skill level 5 in Dodging
  5573 | D:6      | Reached XP level 8. HP: 44/70 MP: 7/7
  5870 | D:6      | HP: 1/102 [something (10)]
  5872 | D:6      | Mangled by an orc wizard

Illustrated notes

Levels and vault maps discovered:
D:1:      dpeg_arrival_tiny_i, layout_rooms, chequers_garden
D:2:      layout_basic, basic_ecumenical_altar, basic_altar
D:3:      layout_rooms, nicolae_sif_muna_condensation, st_stairs_13,
          kennysheep_generic_room_13
D:4:      layout_loops_cross, minmay_temple_entry_offerings,
          kennysheep_small_square
D:5:      layout_basic, chequers_serial_rivers_room_a, hex_large,
          uniq_blork_the_orc
D:6:      layout_basic, uniq_pikel, uniq_prince_ribbit1, uniq_edmund
Temple:   kilobyte_greek_temple

Skill      XL: |  1  2  3  4  5  6  7 |
---------------+----------------------+-----
Axes           | 4 5 7 8 |  8.5
Fighting       | 4 5 6 |  6.4
Armour         | 3 4 5 |  5.8
Dodging        | 3 4 5 |  5.2

Action                   |  1- 3 |  4- 6 |  7- 9 || total
-------------------------+-------+-------+-------++-------
Melee: Hand axe          |    94 |    87 |    55 ||   236
       Headbutt          |    16 |    22 |    17 ||    55
Invok: Berserk           |       |     4 |     1 ||     5
  Use: Scroll            |       |     6 |       ||     6
 Stab: Sleeping          |       |     1 |       ||     1
Armor: Animal skin       |    33 |    13 |    10 ||    56
Dodge: Dodged            |    70 |    55 |    35 ||   160

Table legend: (Time is in decaauts)
 A = Elapsed time spent in this place.
 B = Non-inter-level travel time spent in this place.
 C = Inter-level travel time spent in this place.
 D = Time resting spent in this place.
 E = Time spent auto-exploring this place.
 F = Levels seen in this place.
 G = Mean time per level.
                   A        B        C        D        E       F      G
               +--------+--------+--------+--------+--------+-----+--------+
         Total |   5915 |   5711 |    204 |    423 |   4625 |   7 |  845.0 |
       Dungeon |   5768 |   5570 |    198 |    423 |   4486 |   6 |  961.3 |
        Temple |    146 |    140 |      6 |      0 |    139 |   1 |  146.0 |
               +--------+--------+--------+--------+--------+-----+--------+

Top non-repeatable levels by time:
     D:5: 1638 daAuts
     D:4: 1180 daAuts
     D:1: 1032 daAuts
     D:2: 809 daAuts
     D:3: 694 daAuts
     D:6: 413 daAuts
  Temple: 146 daAuts
